 Dungeon Crawl Stone Soup version 0.28.0-47-ge53b351184 (webtiles) character file.

Game seed: 9667731023289221103

21 RatsInWalls the Shield-Bearer (level 3, 29/29 HPs)
             Began as a Formicid Fighter on May 9, 2022.
             Quit the game on level 1 of the Dungeon.
             The game lasted 00:01:31 (766 turns).

RatsInWalls the Shield-Bearer (Formicid Fighter)     Turns: 766, Time: 00:01:32

Health: 29/29      AC:  6    Str: 22    XL:     3   Next: 2%
Magic:  3/3        EV:  9    Int:  7    God:
Gold:   0          SH:  4    Dex: 10    Spells: 2/2 levels left

rFire   . . .      SeeInvis +   a - +0 long sword
rCold   . . .      Faith    .   c - +0 buckler
rNeg    . . .      Spirit   .   b - +0 scale mail
rPois   .          Reflect  .   (helmet unavailable)
rElec   .          Harm     .   (no cloak)
rCorr   .          Rampage  .   (no gloves)
Will    .....                   (no boots)
Stlth   ..........              (no amulet)
HPRegen 0.09/turn               (no ring)
MPRegen 0.08/turn               (no ring)

@: no status effects
A: permanent stasis, dig shafts and tunnels, antennae 3, four strong arms
a: Dig, Shaft Self


You were on level 1 of the Dungeon.
You visited 1 branch of the dungeon, and saw 1 of its levels.

Inventory:

Hand Weapons
 a - a +0 long sword (weapon)
Armour
 b - a +0 scale mail (worn)
 c - a +0 buckler (worn)
Scrolls
 f - a scroll of amnesia {unknown}
Potions
 d - a potion of might
 e - a potion of haste {unknown}


   Skills:
 + Level 3.5 Fighting
 + Level 2.3 Long Blades
 + Level 3.6 Armour
 + Level 4.0 Shields


You had 2 spell levels left.
You didn't know any spells.
Your spell library was empty.

Dungeon Overview and Level Annotations

Branches:
Dungeon (1/15)

Altars:


Innate Abilities, Weirdness & Mutations

You cannot be hasted, slowed, berserked, paralysed or teleported.
You can dig through walls and to a lower floor.
You have a pair of large antennae on your head. (SInv)
Your four strong arms can wield two-handed weapons with a shield.


Message History

You hit the quokka.
The quokka is almost dead.
The quokka barely misses you.
You hit the quokka.
You kill the quokka!
No target in view!
No target in view!
There is a stone staircase leading down here.
As you open the door, it creaks loudly!
There is an open door here.
There is an open door here.
You sense a monster nearby.
A rat comes into view.
You slash the rat!
You kill the rat!
Your Shields skill increases to level 4!
No target in view!
No target in view!
No target in view!
You see here a rat corpse.
You see here a rat corpse.
You see here a rat corpse.
There is an open door here.
You open the door.
There is an open door here.
A jackal comes into view.
The jackal barks!
A jackal is nearby!
A jackal comes into view.
Found a ring mail.
The jackal bites you but does no damage.
You hit the jackal.
You kill the jackal!
You have reached level 3!
Your experience leads to an increase in your attributes!
Increase (S)trength, (I)ntelligence, or (D)exterity?
You feel stronger. x2
Are you sure you want to abandon this character and quit the game? (Confirm with "yes".)
Okay, then.
Are you sure you want to abandon this character and quit the game? (Confirm with "yes".)

.#
#..................#
.#
##.#.####.#.#####.##
.####.#.# #.#.# ###
........####.#.#
#####........#.#
##########.# ####
#.......# [..#
#.#####.##...###
#..@h....#
................
..............##
............###
........#...#
.....#.######
######.# #.


You could see a jackal.

Vanquished Creatures
  A gnoll (D:1)
  2 ball pythons (D:1)
  An endoplasm (D:1)
  A goblin (D:1)
  A jackal (D:1)
  2 quokkas (D:1)
  3 rats (D:1)
11 creatures vanquished.

Vanquished Creatures (others)
  4 toadstools (D:1)
4 creatures vanquished.

Grand Total: 15 creatures vanquished

Notes
Turn   | Place    | Note
-------+----------+-------------------------------------------
     0 | D:1      | RatsInWalls the Formicid Fighter began the quest for the
                  | Orb.
     0 | D:1      | Reached XP level 1. HP: 18/18 MP: 1/1
    59 | D:1      | Reached XP level 2. HP: 17/24 MP: 2/2
   714 | D:1      | Reached skill level 4 in Shields
   766 | D:1      | Reached XP level 3. HP: 29/29 MP: 3/3
   766 | D:1      | Quit the game

Illustrated notes

Levels and vault maps discovered:
D:1:      ldierk_water_garden, layout_loops_corners,
          ebering_ecumenical_altar_abandoned, st_stairs_12

Skill      XL: |  1  2 |
---------------+-------+-----
Shields        | 4 |  4.0
Fighting       | |  3.5
Long Blades    | |  2.3
Armour         | |  3.6

Action                   || total
-------------------------++-------
Melee: Long sword        ||    43
Armor: Scale mail        ||    17
Dodge: Dodged            ||    19
Block: Buckler           ||    10
